 Dungeon Crawl Stone Soup version 0.22.0 (webtiles) character file.

140520 Morrissey the Impaler (level 16, -4/149 HPs)
             Began as a Minotaur Gladiator on Aug 11, 2018.
             Was the Champion of Okawaru.
             Slain by an emperor scorpion (29 damage)
             ... on level 4 of the Spider Nest.
             The game lasted 01:08:27 (30644 turns).

Morrissey the Impaler (Minotaur Gladiator)         Turns: 30644, Time: 01:08:28

Health: -4/149     AC: 34    Str: 17    XL:     16   Next: 76%
Magic:  21/21      EV:  9    Int:  5    God:    Okawaru [******]
Gold:   2610       SH:  0    Dex: 21    Spells: 15/15 levels left

rFire    + + .     SeeInvis +   a - +3 glaive (elec)
rCold    + . .     Gourm    .   (shield currently unavailable)
rNeg     . . .     Faith    +   e - +1 crystal plate armour
rPois    +         Spirit   .   c - +0 hat
rElec    +         Reflect  .   l - scarf {rC+ rF+}
rCorr    +         Harm     .   G - +2 pair of gloves
MR       ++...                  P - +1 pair of boots {run}
Stlth    ..........             v - amulet of Moodiness {Faith MR+ Stlth+}
HPRegen  0.34/turn              x - ring "Xucuuteg" {rElec Str-3 Dex+3 Slay+2 SInv}
MPRegen  0.17/turn              W - ring "Forget-Me-Not" {rCorr rPois rF+ Slay+3}

@: lethally poisoned (-4 -> -22), about to teleport, quick
A: retaliatory headbutt, horns 2
a: Heroism, Finesse, Renounce Religion


You were on level 4 of the Spider Nest.
You worshipped Okawaru.
Okawaru was exalted by your worship.
You were not hungry.

You visited 6 branches of the dungeon, and saw 28 of its levels.
You also visited: Ice Cave.

You collected 3100 gold pieces.
You spent 490 gold pieces at shops.

Inventory:

Hand Weapons
 a - a +3 glaive of electrocution (weapon)
 b - a +2 halberd of flaming
 y - the +5 halberd of Domination {chop, rF+ Str+4}
   (You acquired it on level 14 of the Dungeon)

   It inflicts extra damage upon your enemies.
   It affects your strength (+4).
   It protects you from fire.
 z - a +2 bardiche of freezing
Missiles
 O - 16 javelins of penetration (quivered)
Armour
 c - a +0 hat (worn)
 e - a +1 crystal plate armour (worn)
 l - a scarf of resistance (worn)
 B - the +3 ring mail of Leaves {*Corrode MR+ Str+6 Slay+2}
   (You found it on level 6 of the Dungeon)

   It affects your strength (+6).
   It affects your accuracy and damage with ranged weapons and melee attacks
   (+2).
   It affects your resistance to hostile enchantments.
   It may corrode you when you take damage.
 G - a +2 pair of gloves (worn)
 J - the +15 Maxwell's patent armour {-Cast -Tele rElec MR+ rCorr}
   (You found it on level 3 of the Spider Nest)

   It insulates you from electricity.
   It affects your resistance to hostile enchantments.
   It prevents spellcasting.
   It prevents most forms of teleportation.
   It provides partial protection from all sources of acid and corrosion.
 M - a +1 pair of gloves of archery
 P - a +1 pair of boots of running (worn)
Jewellery
 r - a +4 ring of evasion {unknown}
 v - the amulet of Moodiness (around neck) {Faith MR+ Stlth+}
   (You found it on level 13 of the Dungeon)

   [amulet of faith]

   It allows you to gain divine favour quickly.
   It affects your resistance to hostile enchantments.
   It makes you more stealthy.
 x - the ring "Xucuuteg" (left hand) {rElec Str-3 Dex+3 Slay+2 SInv}
   (You found it on level 13 of the Dungeon)

   [ring of slaying]

   It affects your strength (-3).
   It affects your dexterity (+3).
   It affects your accuracy and damage with ranged weapons and melee attacks
   (+2).
   It insulates you from electricity.
   It lets you see invisible.
 A - a +4 amulet of reflection
 T - an uncursed amulet of magic regeneration {unknown}
 V - an uncursed amulet of rage {unknown}
 W - the ring "Forget-Me-Not" (right hand) {rCorr rPois rF+ Slay+3}
   (You found it in an ice cave)

   [ring of resist corrosion]

   It affects your accuracy and damage with ranged weapons and melee attacks
   (+3).
   It protects you from fire.
   It protects you from poison.
 X - a cursed amulet of inaccuracy {unknown}
Wands
 d - a wand of paralysis (9)
 t - a wand of disintegration (18)
 u - a wand of flame (51)
 E - a wand of acid (32)
 K - a wand of iceblast (33)
 L - a wand of digging (23)
 U - a wand of enslavement (28)
Scrolls
 g - 7 scrolls of amnesia
 i - 5 scrolls of magic mapping
 k - 12 scrolls of remove curse
 q - a scroll of identify
 s - a scroll of fear
 w - 6 scrolls of teleportation
 F - 2 scrolls of fog
Potions
 h - a potion of invisibility
 j - 2 potions of agility
 m - 10 potions of curing
 n - 4 potions of heal wounds
 o - 5 potions of ambrosia
 p - 2 potions of berserk rage
 C - 3 potions of mutation
 D - 6 potions of flight
 H - 4 potions of haste
 I - 7 potions of brilliance {unknown}
 Q - a potion of cancellation {unknown}
 R - 4 potions of resistance
 S - 3 potions of might {unknown}
Comestibles
 f - 31 rations


   Skills:
 + Level 15.2 Fighting
 - Level 20.0 Polearms
 - Level 2.0 Throwing
 - Level 20.0 Armour
 - Level 10.0 Dodging
 - Level 8.1 Invocations


You had 15 spell levels left.
You didn't know any spells.
Your spell library contained the following spells:

 Spells                   Type           Power        Failure   Level  Hunger
 Magic Dart               Conj           #...         100%        1    ##.....
 Apportation              Tloc           #.....       100%        1    ##.....
 Conjure Flame            Conj/Fire      #.......     100%        3    ####...
 Lightning Bolt           Conj/Air       #.........   100%        5    ######.
 Bolt of Magma            Conj/Fire/Erth #.........   100%        5    ######.
 Slow                     Hex            #.......     100%        2    ###....
 Confuse                  Hex            #.......     100%        3    ####...
 Invisibility             Hex            #.......     100%        6    #######
 Mephitic Cloud           Conj/Pois/Air  #.......     100%        3    ####...
 Summon Small Mammal      Summ           #...         100%        1    ##.....
 Blink                    Tloc           N/A          100%        2    ###....
 Animate Skeleton         Necr           N/A          100%        1    ##.....
 Summon Ice Beast         Ice/Summ       #.......     100%        4    #####..
 Call Imp                 Summ           #.......     100%        2    ###....
 Tukima's Dance           Hex            #.......     100%        3    ####...
 Iron Shot                Conj/Erth      #.........   100%        6    #######
 Shock                    Conj/Air       #...         100%        1    ##.....
 Swiftness                Chrm/Air       #.......     100%        2    ###....
 Spider Form              Tmut/Pois      #.........   100%        3    ####...
 Blade Hands              Tmut           #.........   100%        5    ######.
 Statue Form              Tmut/Erth      #........    100%        6    #######
 Ice Form                 Ice/Tmut       #.......     100%        4    #####..
 Airstrike                Air            #.........   100%        4    #####..
 Confusing Touch          Hex            #.....       100%        1    ##.....
 Sticks to Snakes         Tmut           #.......     100%        2    ###....
 Call Canine Familiar     Summ           #.......     100%        3    ####...
 Ensorcelled Hibernation  Hex/Ice        #.....       100%        2    ###....
 Summon Butterflies       Summ           #.......     100%        1    ##.....
 Shatter                  Erth           #.........   100%        9    #######
 Static Discharge         Conj/Air       #.......     100%        3    ####...
 Corona                   Hex            #......      100%        1    ##.....
 Alistair's Intoxication  Tmut/Pois      #.......     100%        5    ######.
 Leda's Liquefaction      Hex/Erth       #.........   100%        4    #####..
 Beastly Appendage        Tmut           #.....       100%        1    ##.....
 Dazzling Spray           Conj/Hex       #.....       100%        3    ####...
 Summon Lightning Spire   Summ/Air       #.......     100%        4    #####..
 Summon Guardian Golem    Hex/Summ       #.......     100%        3    ####...
 Lesser Beckoning         Tloc           #.........   100%        3    ####...


Dungeon Overview and Level Annotations

Branches:
Dungeon (15/15)            Temple (1/1) D:6            Lair (5/6) D:8
  Swamp (1/4) Lair:2       Spider (4/4) Lair:2        Slime (0/5) Lair:5
    Orc (2/2) D:12            Elf (0/3) Orc:2        Vaults (0/5) D:14
 Depths (0/5) D:15

Altars:
Ashenzari
Cheibriados
Dithmenos
Elyvilon
Fedhas
Gozag
Hepliaklqana
Kikubaaqudgha
Makhleb
Nemelex Xobeh
Okawaru
Qazlal
Ru
Sif Muna
Trog
Uskayaw
Vehumet
Wu Jian
Xom
Yredelemnul
Zin
The Shining One

Shops:
D:7 }   D:12 :   D:14 *   Orc:1 [   Orc:2 [=*!

Annotations:
D:7 exclusion: downstairs
D:8 3 runed doors, P0WERM0DE's ghost, novice GrFi
D:13 1 runed door
Lair:5 exclusion: 2 oklob plants


Innate Abilities, Weirdness & Mutations

You reflexively headbutt those who attack you in melee.
You have a pair of horns on your head.


Message History

Your headbutt misses the emperor scorpion.
The emperor scorpion is moderately wounded.
You feel sick. The emperor scorpion stings you!!
* * * LOW HITPOINT WARNING * * *
The emperor scorpion claws you but does no damage. x2
Unknown command.
You slash the emperor scorpion!
The emperor scorpion is moderately wounded.
You feel sick. The emperor scorpion stings you!!
* * * LOW HITPOINT WARNING * * *
The emperor scorpion claws you!
* * * LOW HITPOINT WARNING * * *
The emperor scorpion claws you but does no damage.
As you read the scroll of teleportation, it crumbles to dust.
You feel strangely unstable.
You feel very sick.
The emperor scorpion stings you but does no damage.
The emperor scorpion claws you but does no damage. x2
You feel sick. The emperor scorpion stings you!!
You die...

##....##
###....##
##†.....##
#..).#...#
#..#####.#
#...####.#
##....#..#
##..(...##
#...@s^.###
#.....≈s≈.#
#..(.#.s.≈#
#≈..####≈......
......# ...≈≈≈≈
..#..## ..≈≈###
..#### .s≈## .#
%s.# ...#


You could see an emperor scorpion (berserk) and 2 orb spiders.

Vanquished Creatures
  The ghost of jehirs the Severer, an adept MiBe of Trog (Spider:3)
  5 emperor scorpions
  3 ghost moths
  A caustic shrike zombie (D:15)
  3 entropy weavers
  3 spark wasps
  A yaktaur captain (D:13)
  8 hydras
  A catoblepas (Lair:4)
  A rakshasa (D:14)
  The ghost of Terghu the Cleaver, a journeyman DsGl of Makhleb (Orc:2)
  2 ice dragons (IceCv)
  5 vault guards (D:14)
  4 centaur warriors
  A death knight (D:13)
  2 tengu warriors (D:15)
  2 alligators (Swamp:1)
  A dancing weapon (Spider:3)
  5 two-headed ogres
  An orc high priest (D:12)
  A vampire mage (D:15)
  Sonja (Orc:2)
  A skeletal warrior (D:15)
  3 unseen horrors
  A deep elf archer (D:14)
  2 wizards (D:14)
  A necromancer (D:15)
  5 orc knights
  18 ugly things
  27 wolf spiders
  6 manticores
  14 orb spiders
  5 deep elf magi
  2 stone giant zombies (D:15)
  3 oklob plants
  Joseph (D:8)
  2 moths of wrath (Spider:4)
  3 centaur zombies
  4 cyclopes
  4 black mambas
  A torpor snail (Lair:3)
  Psyche (D:9)
  9 spiny frogs
  3 gargoyles
  2 ice statues (IceCv)
  8 komodo dragons
  2 rime drakes (IceCv)
  2 freezing wraiths (D:15)
  An efreet (D:13)
  A yaktaur (shapeshifter) (D:13)
  A guardian mummy (D:15)
  8 demonic crawlers
  4 trolls
  A troll (shapeshifter) (D:13)
  25 jumping spiders
  A hornet (Spider:1)
  A queen bee (shapeshifter) (D:13)
  Prince Ribbit (Lair:1)
  18 blink frogs
  A harpy skeleton (D:15)
  5 hippogriffs
  A spriggan zombie (D:15)
  A tyrant leech (Lair:2)
  5 dream sheep (Lair:5)
  A vampire (D:15)
  4 wyverns
  40 redbacks
  2 basilisks
  15 tarantellas
  5 hungry ghosts
  Grum (D:8)
  7 yaks
  A human (D:14)
  5 vampire mosquitoes
  2 swamp worms
  2 wargs (Orc:1)
  A soldier ant (D:10)
  6 water moccasins
  10 porcupines
  4 sky beasts
  34 orc warriors
  30 ice beasts
  2 eyes of draining
  4 black bears
  18 centaurs
  10 ogres
  11 wolves
  A boggart (D:10)
  4 necrophages
  12 crocodiles
  6 big kobolds
  12 bullfrogs
  A gnoll sergeant (D:12)
  3 scorpions
  A wyvern skeleton (D:8)
  46 killer bees (Lair:5)
  12 wights
  2 electric eels
  6 howler monkeys
  3 bullfrog zombies
  10 hounds
  A quasit (D:10)
  7 crimson imps
  10 orc priests
  5 bullfrog skeletons
  5 jellies
  13 orc wizards
  9 centaur skeletons
  Jessica (D:3)
  6 iguanas
  10 hell rats
  9 worker ants
  A bullfrog simulacrum (D:13)
  A hound zombie (D:7)
  2 worker ant zombies
  9 gnolls
  A howler monkey skeleton (D:10)
  10 adders
  8 shadow imps
  An ooze (D:3)
  An adder skeleton (D:8)
  2 adder zombies
  3 worms
  A dart slug (D:2)
  5 leopard geckos
  66 orcs
  3 giant cockroaches
  5 goblins
  8 hobgoblins
  10 jackals
  7 quokkas
  4 bats
  3 frilled lizards
  A jackal skeleton (D:4)
  33 kobolds
  A leopard gecko skeleton (D:4)
  A quokka zombie (D:7)
  7 rats
  A fungus (Lair:5)
863 creatures vanquished.

Vanquished Creatures (collateral kills)
  2 wolf spiders (Spider:1)
  2 orb spiders (Spider:1)
  A demonic crawler (Spider:1)
  2 jumping spiders (Spider:1)
  A redback (Spider:1)
  A tarantella (Spider:1)
9 creatures vanquished.

Vanquished Creatures (others)
  A vampire (D:13)
  An orc warrior (Orc:2)
  40 fungi
  10 plants (D:8)
  A withered plant (D:15)
53 creatures vanquished.

Grand Total: 925 creatures vanquished

Notes
Turn   | Place    | Note
-------+----------+-------------------------------------------
     0 | D:1      | Morrissey the Minotaur Gladiator began the quest for the Orb.
     0 | D:1      | Reached XP level 1. HP: 18/18 MP: 0/0
   113 | D:1      | Reached XP level 2. HP: 16/25 MP: 1/1
   223 | D:1      | Reached skill level 1 in Armour
  1078 | D:2      | Reached XP level 3. HP: 31/31 MP: 2/2
  1353 | D:3      | Noticed Jessica
  1358 | D:3      | Killed Jessica
  1454 | D:3      | Reached XP level 4. HP: 35/38 MP: 3/3
  1488 | D:3      | Noticed a big kobold
  1489 | D:3      | Noticed a big kobold
  1491 | D:3      | Reached skill level 5 in Polearms
  1528 | D:3      | Killed a big kobold
  1528 | D:3      | Reached XP level 5. HP: 14/46 MP: 2/4
  1885 | D:3      | Found a radiant altar of Vehumet.
  1989 | D:3      | Found an opulent altar of Gozag.
  2310 | D:4      | Noticed an orc warrior
  2330 | D:4      | Killed an orc warrior
  2330 | D:4      | Reached XP level 6. HP: 53/53 MP: 5/5
  2385 | D:4      | Found a glowing silver altar of Zin.
  2571 | D:4      | Noticed a sky beast
  2596 | D:4      | Killed a sky beast
  2596 | D:4      | Reached skill level 5 in Fighting
  2596 | D:4      | Reached XP level 7. HP: 12/61 MP: 1/6
  2677 | D:4      | Got a transparent robe
  2688 | D:4      | Identified the +1 robe of Ligyuthriuxt {Dex+2} (You found it on level 4 of the Dungeon)
  2947 | D:4      | Found a sacrificial altar of Ru.
  3280 | D:4      | Found a hazy altar of Hepliaklqana.
  3547 | D:5      | Entered Level 5 of the Dungeon
  3613 | D:5      | Reached skill level 5 in Armour
  3747 | D:5      | Reached XP level 8. HP: 70/70 MP: 7/7
  3952 | D:5      | Found a glowing golden altar of the Shining One.
  4421 | D:6      | Found a staircase to the Ecumenical Temple.
  4450 | Temple   | Entered the Ecumenical Temple
  4548 | Temple   | Became a worshipper of Warmaster Okawaru
  4669 | D:6      | Reached skill level 10 in Polearms
  4768 | D:6      | Got a distressingly furry ring mail
  4779 | D:6      | Identified the +3 ring mail of Leaves {*Corrode MR+ Str+6 Slay+2} (You found it on level 6 of the Dungeon)
  5028 | D:6      | Reached XP level 9. HP: 79/79 MP: 8/8
  5331 | D:6      | Reached * piety under Okawaru
  5378 | D:7      | Found Elall's Gadget Boutique.
  5546 | D:7      | Found an ancient bone altar of Kikubaaqudgha.
  6067 | D:7      | Found an ornate altar of the Wu Jian Council.
  6093 | D:7      | Reached ** piety under Okawaru
  6199 | D:8      | Noticed Joseph
  6208 | D:8      | Noticed a two-headed ogre
  6408 | D:8      | Reached skill level 5 in Dodging
  6420 | D:8      | Found a runed gate.
  6420 | D:8      | Found a runed gate.
  6420 | D:8      | Found a runed gate.
  6421 | D:8      | Noticed P0WERM0DE's ghost (novice GrFi)
  6856 | D:9      | Noticed Psyche
  6865 | D:9      | Killed Psyche
  6865 | D:9      | Reached *** piety under Okawaru
  6865 | D:9      | Reached XP level 10. HP: 90/90 MP: 9/9
  7081 | D:8      | Found a snail-covered altar of Cheibriados.
  7137 | D:8      | Found a staircase to the Lair.
  7232 | D:8      | Killed a two-headed ogre
  7254 | D:8      | Killed Joseph
  7254 | D:8      | Reached **** piety under Okawaru
  7416 | D:8      | Noticed Grum
  7429 | D:8      | Killed Grum
  8680 | D:10     | Entered Level 10 of the Dungeon
  8695 | D:10     | Noticed a gargoyle
  8703 | D:10     | Killed a gargoyle
  8753 | D:10     | Received a gift from Okawaru
  8753 | D:10     | Reached XP level 11. HP: 92/99 MP: 10/10
  8758 | D:10     | Reached skill level 10 in Fighting
  8786 | D:10     | Reached ***** piety under Okawaru
  9254 | D:9      | Killed an unseen horror
  9775 | D:10     | Reached skill level 10 in Armour
 10085 | D:11     | Noticed a cyan ugly thing
 10104 | D:11     | Killed a cyan ugly thing
 10104 | D:11     | Received a gift from Okawaru
 10966 | D:12     | Noticed a two-headed ogre
 11006 | D:12     | Killed an unseen horror
 11132 | D:12     | Noticed a deep elf mage
 11141 | D:12     | Killed a deep elf mage
 11387 | D:12     | Killed a two-headed ogre
 11387 | D:12     | Reached ****** piety under Okawaru
 11387 | D:12     | Received a gift from Okawaru
 11756 | D:12     | Found a staircase to the Orcish Mines.
 11815 | D:12     | Reached XP level 12. HP: 111/111 MP: 11/11
 11868 | D:12     | Noticed a four-headed hydra
 11881 | D:12     | Killed a one-headed hydra
 11932 | D:12     | Found Beill's Book Shop.
 12252 | Lair:1   | Entered Level 1 of the Lair of Beasts
 12584 | Lair:1   | Noticed Prince Ribbit
 12587 | Lair:1   | Reached skill level 10 in Dodging
 12617 | Lair:1   | Killed Prince Ribbit
 12989 | Lair:2   | Found a hole to the Spider Nest.
 13132 | Lair:2   | Received a gift from Okawaru
 13133 | Lair:2   | Found the +0 sword of Power
 13695 | Lair:2   | Found a staircase to the Swamp.
 13787 | Lair:3   | Found a frozen archway.
 13813 | IceCv    | Entered an ice cave
 14016 | IceCv    | Reached XP level 13. HP: 117/123 MP: 12/12
 14112 | IceCv    | Received a gift from Okawaru
 14172 | IceCv    | Got an ancient glass ring
 14176 | IceCv    | Identified the ring "Forget-Me-Not" {rCorr rPois rF+ Slay+3} (You found it in an ice cave)
 14957 | Lair:3   | Found a runed door.
 15015 | Lair:3   | Reached skill level 1 in Invocations
 15129 | Lair:4   | Received a gift from Okawaru
 16078 | Lair:5   | Got a faintly humming chain mail
 16089 | Lair:5   | Identified the +2 chain mail of Hysteria {Str+4} (You found it on level 5 of the Lair of Beasts)
 16237 | Lair:5   | Reached skill level 5 in Invocations
 16363 | Lair:5   | Found a glowing golden altar of the Shining One.
 16551 | Lair:5   | Received a gift from Okawaru
 16810 | Lair:5   | Found a staircase to the Slime Pits.
 17265 | D:13     | Found a runed door.
 17424 | D:13     | Found a runed door.
 17448 | D:13     | Reached skill level 15 in Polearms
 17468 | D:13     | Reached XP level 14. HP: 83/133 MP: 17/17
 17783 | D:13     | Found a runed door.
 17783 | D:13     | Found a runed door.
 17822 | D:13     | Received a gift from Okawaru
 17822 | D:13     | Reached skill level 15 in Fighting
 17841 | D:13     | Got a faintly glowing brass amulet
 17849 | D:13     | Got a slimy iron amulet
 17852 | D:13     | Identified the amulet "Uxtash" {Inacc MR+ MP+9 Str+3 Dex-2} (You found it on level 13 of the Dungeon)
 17854 | D:13     | Identified the amulet of Utwih {Faith Int+3} (You took it off an efreet on level 13 of the Dungeon)
 17859 | D:13     | Got a vibrating graven amulet
 17860 | D:13     | Identified the amulet of Moodiness {Faith MR+ Stlth+} (You found it on level 13 of the Dungeon)
 17869 | D:13     | Got a bound turquoise ring
 17871 | D:13     | Identified the ring "Xucuuteg" {rElec Str-3 Dex+3 Slay+2 SInv} (You found it on level 13 of the Dungeon)
 18585 | D:13     | Reached skill level 15 in Armour
 18690 | Orc:1    | Entered Level 1 of the Orcish Mines
 18740 | D:12     | Received a gift from Okawaru
 19108 | Orc:1    | Found Puufer's Armour Shoppe.
 19139 | Orc:1    | Bought a +1 pair of boots of running for 438 gold pieces
 19322 | Orc:2    | Entered Level 2 of the Orcish Mines
 19838 | Swamp:1  | Entered Level 1 of the Swamp
 20210 | Spider:1 | Entered Level 1 of the Spider Nest
 20218 | Spider:1 | Received a gift from Okawaru
 20219 | Spider:1 | Got a jewelled great sword {god gift}
 20220 | Spider:1 | Identified the +9 great sword of Unwigg {slice, Int+3} (Okawaru gifted it to you on level 1 of the Spider Nest)
 20978 | Spider:1 | Received a gift from Okawaru
 21486 | Spider:1 | Noticed an emperor scorpion
 21529 | Spider:1 | Noticed an entropy weaver
 21739 | Spider:1 | Noticed an entropy weaver
 21746 | Spider:1 | Killed an entropy weaver
 21746 | Spider:1 | Received a gift from Okawaru
 22418 | Spider:1 | Killed an entropy weaver
 22929 | Spider:1 | Reached XP level 15. HP: 136/141 MP: 20/20
 23765 | Spider:2 | Noticed a ghost moth
 23772 | Spider:2 | Received a gift from Okawaru
 24431 | D:14     | Found Raalell's Assorted Antiques.
 24475 | D:14     | Bought a scroll of identify for 52 gold pieces
 24487 | D:14     | Identified a scroll of acquirement
 24488 | D:14     | Got an ichor-stained halberd
 24489 | D:14     | Identified the +5 halberd of Domination {chop, rF+ Str+4} (You acquired it on level 14 of the Dungeon)
 24986 | D:14     | Received a gift from Okawaru
 25006 | D:14     | Found a gate to the Vaults.
 25304 | D:15     | Entered Level 15 of the Dungeon
 25617 | D:15     | Found an opulent altar of Gozag.
 25620 | D:15     | Found a staircase to the Depths.
 26414 | Orc:2    | Reached XP level 16. HP: 117/149 MP: 21/21
 26423 | Orc:2    | Received a gift from Okawaru
 26584 | Orc:2    | Noticed Sonja
 26586 | Orc:2    | Killed Sonja
 26597 | Orc:2    | Found a runed door.
 26598 | Orc:2    | Noticed Terghu's ghost (journeyman DsGl)
 26614 | Orc:2    | Killed Terghu's ghost
 26885 | Orc:2    | Found a staircase to the Elven Halls.
 27019 | Orc:2    | Found Pogruq's Jewellery Boutique.
 27019 | Orc:2    | Found Dikkossu's Assorted Antiques.
 27021 | Orc:2    | Found Liddurog's Distillery.
 27023 | Orc:2    | Found Paqotsar's Antique Armour Shop.
 27079 | Orc:2    | Found a burning altar of Makhleb.
 28914 | Spider:3 | Received a gift from Okawaru
 29353 | Spider:3 | Found a runed door.
 29356 | Spider:3 | Found a shimmering altar of Xom.
 29356 | Spider:3 | Noticed jehirs's ghost (adept MiBe)
 29405 | Spider:3 | Found the +15 Maxwell's patent armour {-Cast -Tele rElec MR+ rCorr}
 29985 | Spider:3 | Paralysed by a quarterstaff of chaos for 4 turns
 29991 | Spider:3 | Paralysed by a quarterstaff of chaos for 4 turns
 30026 | Spider:3 | Killed jehirs's ghost
 30354 | Spider:4 | Entered Level 4 of the Spider Nest
 30385 | Spider:4 | Received a gift from Okawaru
 30644 | Spider:4 | Slain by an emperor scorpion

Skill      XL: |  1  2  3  4  5  6  7  8  9 10 11 12 13 14 15 16 |
---------------+-------------------------------------------------+-----
Polearms       | 4 5 6 7 8 10 12 13 14 15 18 20 | 20.0
Armour         | 1 2 3 4 5 6 8 9 11 13 14 15 17 20 | 20.0
Fighting       | 3 4 5 6 7 8 9 11 13 14 15 | 15.2
Dodging        | 5 7 9 10 | 10.0
Invocations    | 6 8 |  8.1
Throwing       | |  2.0

Action                   |  1- 3 |  4- 6 |  7- 9 | 10-12 | 13-15 | 16-18 || total
-------------------------+-------+-------+-------+-------+-------+-------++-------
Melee: Trident           |    77 |   134 |   376 |   657 |   396 |       ||  1640
       Headbutt          |    10 |    15 |    65 |   202 |   294 |    83 ||   669
       Halberd           |       |       |     2 |   122 |   564 |       ||   688
       Punch             |       |       |       |       |     1 |       ||     1
       Glaive            |       |       |       |       |   224 |   371 ||   595
Throw: Throwing net      |       |     5 |       |     1 |       |       ||     6
       Javelin           |       |       |       |       |    13 |       ||    13
Invok: Heroism           |       |       |     1 |     1 |     4 |     2 ||     8
       Finesse           |       |       |       |       |     1 |     2 ||     3
Evoke: Wand              |       |     1 |     5 |     2 |     5 |     2 ||    15
  Use: Potion            |       |     2 |       |       |     5 |     1 ||     8
       Scroll            |       |     1 |     5 |     2 |    26 |     3 ||    37
 Stab: Sleeping          |     2 |       |       |       |     5 |       ||     7
       Held in net/web   |       |     1 |       |     1 |       |       ||     2
       Paralysed         |       |       |     4 |       |       |       ||     4
       Distracted        |       |       |       |       |     1 |       ||     1
       Confused          |       |       |       |       |     1 |       ||     1
  Eat: Chunk             |     2 |     3 |    15 |    24 |    14 |     3 ||    61
       Ration            |       |       |     1 |       |     8 |     3 ||    12
Armor: Leather armour    |     9 |     8 |       |       |       |       ||    17
       Chain mail        |       |    35 |    64 |       |       |       ||    99
       Ring mail         |       |       |    40 |   153 |   136 |       ||   329
       Crystal plate arm |       |       |       |       |   447 |   371 ||   818
Dodge: Dodged            |    29 |    42 |   107 |   275 |   535 |   156 ||  1144
Block: Other             |       |       |    29 |    68 |    46 |       ||   143
       Reflection        |       |       |       |     1 |     3 |       ||     4
